Selects Canadian Shock Battlegroup
Construct Section Command Post
Construct Platoon Command Post
Selects Canadian Shock Section
Selects Incendiary Munitions
6-pounder Anti-tank Gun Team
Construct Company Command Post
Unlock Towed 17-pounder Anti-tank Guns
Selects Churchill Crocodile Heavy Tank
17-pounder Anti-tank Gun Team
17-pounder Anti-tank Gun Team
17-pounder Anti-tank Gun Team
Unlock M3 Grant Medium Tanks
Churchill Crocodile Heavy Tank